 Dungeon Crawl Stone Soup version 0.27.0-65-ge2af304b15 (webtiles) character file.

Game seed: 2151395169376281079

44 Descartes the Shield-Bearer (level 3, -2/29 HPs)
             Began as a Formicid Fighter on Aug 18, 2021.
             Slain by Sigmund (11 damage)
             ... on level 2 of the Dungeon.
             The game lasted 00:01:44 (1257 turns).

Descartes the Shield-Bearer (Formicid Fighter)      Turns: 1257, Time: 00:01:44

Health: -2/29      AC:  6    Str: 21    XL:     3   Next: 85%
Magic:  3/3        EV:  8    Int:  7    God:
Gold:   50         SH:  0    Dex: 10    Spells: 2/2 levels left

rFire    . . .     SeeInvis +   a - +0 war axe
rCold    . . .     Faith    .   c - +0 kite shield
rNeg     . . .     Spirit   .   b - +0 scale mail
rPois    .         Reflect  .   (helmet unavailable)
rElec    .         Harm     .   (no cloak)
rCorr    .         Rampage  .   (no gloves)
Will     .....                  (no boots)
Stlth    ..........             (no amulet)
HPRegen  0.09/turn              (no ring)
MPRegen  0.08/turn              (no ring)

@: confused
A: permanent stasis, dig shafts and tunnels, antennae 3, four strong arms
a: Dig, Shaft Self


You were on level 2 of the Dungeon.
You visited 1 branch of the dungeon, and saw 2 of its levels.

You collected 50 gold pieces.

Inventory:

Hand Weapons
 a - a +0 war axe (weapon)
 k - a +2 dagger of holy wrath
Missiles
 e - 9 sling bullets
 f - 7 curare-tipped darts
 g - 34 stones
 n - 61 arrows
 q - 16 poisoned darts
Armour
 b - a +0 scale mail (worn)
 c - a +0 kite shield (worn)
 s - a +0 chain mail
Scrolls
 h - 2 scrolls of identify {unknown}
 l - 3 scrolls of amnesia {unknown}
 m - a scroll of noise {unknown}
 o - a scroll of immolation {unknown}
 p - a scroll of enchant weapon {unknown}
 r - a scroll of acquirement {unknown}
Potions
 d - a potion of might
 i - a potion of curing {unknown}
 j - a potion of heal wounds {unknown}


   Skills:
 - Level 3.2 Fighting
 - Level 2.0 Axes
 - Level 3.2 Armour
 + Level 5.4 Shields


You had 2 spell levels left.
You didn't know any spells.
Your spell library was empty.

Dungeon Overview and Level Annotations

Branches:
Dungeon (2/15)

Altars:

Annotations:
D:2 Sigmund


Innate Abilities, Weirdness & Mutations

You cannot be hasted, slowed, berserked, paralysed or teleported.
You can dig through walls and to a lower floor.
You have a pair of large antennae on your head. (SInv)
Your four strong arms can wield two-handed weapons with a shield.


Message History

You slash the endoplasm!
You kill the endoplasm!
No target in view!
No target in view!
No target in view!
No target in view!
No target in view!
No target in view!
No target in view!
No target in view!
No target in view!
No target in view!
Found a chain mail.
r - a scroll labelled BADOSO NISUMM Sigmund the Dreaded comes into view.
He is wielding a +0 scythe.
Sigmund shouts!
Sigmund moves out of view.
You see here a +0 chain mail.
s - a +0 chain mail You start removing your armour.
You continue taking off your +0 scale mail.
Sigmund gestures at you while chanting.
Keep disrobing? [Y]es or [N]o only, please.
Keep disrobing? [Y]es or [N]o only, please.
Keep disrobing?
You stop removing your armour.
You resist with some effort. Sigmund casts a spell at you.
The magic dart hits you.
Sigmund hits you from afar with a +0 scythe.
Sigmund points at you and mumbles some strange words.
You are confused.
Sigmund points at you and mumbles some strange words.
The magic dart hits you.
Sigmund hits you from afar with a +0 scythe!
Sigmund smiles chillingly.
Sigmund completely misses you. Sigmund hits you with a +0 scythe!
You die...

.#.#...............#.........
.#...........................
.#......................#####
........................####
.##..##..########.##.....@.#
###..##...## ##.########...#
...#.#..#####..# ....#
...##....#..@## #...
#....##......@..## {..
######...........# .
#...........# #...........#
##.........## ##...#...##
#########


You could see Sigmund.

Vanquished Creatures
  2 adders (D:2)
  A worm (D:2)
  A dart slug (D:1)
  A bat (D:2)
  3 endoplasms
  2 giant cockroaches
  3 goblins
  2 hobgoblins
  A kobold (D:1)
  A ball python (D:2)
  2 rats
19 creatures vanquished.

Notes
Turn   | Place    | Note
-------+----------+-------------------------------------------
     0 | D:1      | Descartes the Formicid Fighter began the quest for the Orb.
     0 | D:1      | Reached XP level 1. HP: 18/18 MP: 1/1
   110 | D:1      | Reached skill level 4 in Shields
   380 | D:1      | Reached XP level 2. HP: 24/24 MP: 2/2
   577 | D:2      | Reached XP level 3. HP: 8/29 MP: 3/3
   840 | D:2      | Reached skill level 5 in Shields
  1233 | D:2      | Noticed Sigmund
  1257 | D:2      | Slain by Sigmund

Illustrated notes

Levels and vault maps discovered:
D:1:      minmay_arrival_three_doors, layout_basic
D:2:      layout_rooms, uniq_sigmund

Skill      XL: |  1  2  3 |
---------------+----------+-----
Shields        | 4 5 |  5.4
Fighting       | |  3.2
Axes           | |  2.0
Armour         | |  3.2

Action                   || total
-------------------------++-------
Melee: War axe           ||    57
Armor: Scale mail        ||    21
Dodge: Dodged            ||    17
Block: Kite shield       ||    26
